Map: Ruins of Endion

Players

LMLelas

  • Race: Zerg Zerg
  • League: Silver

Darkkus - Winner!

  • Race: Terran Terran
  • League: Silver

VOD

Have the link to the VOD?

Description

Time

  • Played on: May 4, 2016, 3:33 a.m.
  • Length: 23:01
Show
View Real Time Build Order
Export as new Build Order

LMLelas Zerg 

Build Orders: Hatch First 

Get SALT Encoding   

  12  0:01  Drone  
  13  0:08  Drone  
  13  0:13  Extractor  
  13  0:16  Drone  
  15  0:22  Overlord  
  15  0:41  Drone x2  
  17  0:59  Drone x2  
  17  1:02  Hatchery  
  18  1:14  Spawning Pool  
  18  1:15  Extractor  
  16  1:18  Drone  
  16  1:21  Drone  
  18  1:31  Drone  
  19  1:40  Drone  
  20  1:49  Overlord  
  20  2:00  Queen  
  22  2:07  Overlord  
  22  2:14  Queen  
  24  2:16  Metabolic Boost  
  24  2:19  Zergling x4  
  26  2:24  Drone  
  27  2:38  Drone x2  
  29  3:01  Drone x5  
  34  3:12  Spore Crawler  
  32  3:21  Lair  
  32  3:27  Roach Warren  
  31  3:34  Drone  
  31  3:35  Drone x8  
  40  3:43  Extractor  
  39  4:05  Drone x3  
  39  4:06  Overlord x2  
  42  4:20  Spore Crawler  
  42  4:23  Extractor  
  40  4:34  Glial Reconstitution  
  40  4:35  Evolution Chamber  
  39  4:40  Overlord x2  
  39  4:57  Queen  
  39  4:58  Overseer  
  41  5:05  Hatchery  
  40  5:09  Pneumatized Carapace  
  40  5:12  Zerg Missile Weapons Level 1  
  40  5:16  Roach  
  40  5:17  Roach x8  
  40  5:18  Overlord x2  
  58  5:28  Infestation Pit  
  57  5:52  Drone  
  57  5:53  Drone x6  
  57  5:56  Ravager  
  65  5:57  Ravager  
  65  5:59  Ravager  
  67  6:09  Evolution Chamber  
  66  6:23  Extractor  
  57  6:55  Spore Crawler  
  57  7:00  Spine Crawler  
  46  7:32  Queen  
  47  8:00  Extractor  
  47  8:01  Extractor  
  47  8:05  Hatchery  
  44  8:07  Spawning Pool  
  42  8:45  Hatchery  
  41  8:59  Spore Crawler  
  41  9:01  Queen  
  41  9:02  Spore Crawler  
  41  9:06  Spore Crawler  
  41  9:08  Hatchery  
  39  9:10  Spore Crawler  
  38  9:28  Lair  
  38  9:36  Extractor  
  38  9:37  Queen  
  39  9:39  Extractor  
  35  10:00  Spore Crawler  
  30  10:20  Drone  
  30  10:21  Drone x14  
  45  10:36  Spire  
  44  10:43  Queen  
  44  10:47  Spore Crawler  
  44  10:49  Spore Crawler  
  44  10:51  Queen  
  44  10:54  Spore Crawler  
  44  10:55  Queen  
  47  10:58  Drone x4  
  51  11:48  Mutalisk x7  
  51  11:49  Mutalisk x2  
  69  12:15  Mutalisk  
  69  12:16  Mutalisk x2  
  75  12:27  Overlord  
  75  12:30  Overseer  
  75  12:41  Drone x2  
  75  12:42  Drone x11  
  75  12:43  Overlord x6  
  75  12:44  Overlord x4  
  88  13:49  Mutalisk  
  88  13:50  Mutalisk x8  
  68  14:18  Mutalisk x2  
  64  15:24  Zergling x10  
  64  15:25  Zergling x8  
  73  15:29  Infestation Pit  
  72  15:47  Extractor  
  71  15:53  Extractor  
  71  15:54  Overseer  
  70  15:57  Zergling x2  
  70  15:58  Zergling x28  
  85  16:32  Spore Crawler  
  85  16:35  Corruptor  
  85  16:36  Corruptor x5  
  96  16:50  Hive  
  96  17:08  Corruptor  
  98  17:28  Corruptor  
  98  17:29  Corruptor  
  102  17:34  Drone  
  102  17:35  Drone x2  
  105  18:28  Ultralisk Cavern  
  105  18:31  Drone  
  105  18:32  Drone x8  
  113  18:45  Extractor  
  112  19:06  Drone x5  
  112  19:07  Drone x7  
  98  19:44  Corruptor x7  
  92  19:54  Corruptor  
  92  19:55  Corruptor x2  
  98  20:17  Hydralisk Den  
  97  20:37  Extractor  
  96  20:51  Hydralisk, Mutalisk  
  96  20:52  Hydralisk x7  
  114  21:11  Spawning Pool  
  114  21:13  Hydralisk  
  114  21:14  Hydralisk x5  
  59  21:38  Hydralisk x3  
  59  21:39  Hydralisk x2  
  61  21:53  Mutalisk  
  19  22:23  Zergling x16  
  19  22:24  Zergling x28  
Show
View Real Time Build Order
Export as new Build Order

Darkkus Terran - Winner!

Build Orders: Banshee Rush 

Get SALT Encoding   

  12  0:01  SCV  
  13  0:13  SCV  
  14  0:25  SCV  
  15  0:30  Supply Depot  
  15  0:42  Refinery  
  15  0:52  Refinery, SCV  
  16  0:57  Barracks  
  16  1:06  SCV  
  17  1:18  SCV  
  18  1:32  SCV  
  19  1:46  Factory  
  19  1:47  Marine  
  19  1:49  Orbital Command  
  20  2:08  Supply Depot  
  20  2:12  Marine  
  21  2:18  SCV  
  22  2:30  Marine  
  23  2:41  SCV  
  24  2:47  Supply Depot  
  24  2:50  Starport  
  24  2:52  Starport  
  24  2:53  SCV  
  24  2:55  Marine  
  26  3:05  SCV  
  27  3:09  Supply Depot  
  27  3:17  SCV  
  28  3:28  Starport Tech Lab, Starport  
  28  3:29  SCV  
  28  3:33  Starport Tech Lab  
  29  3:34  Starport  
  29  3:39  Marine  
  30  3:41  SCV  
  30  3:48  Engineering Bay  
  31  3:52  Banshee  
  31  3:53  SCV  
  35  3:59  Cloaking Field  
  35  4:11  Marine  
  36  4:27  Starport Tech Lab x2  
  36  4:29  Banshee  
  39  4:37  Marine  
  40  4:41  Banshee  
  40  4:44  SCV  
  43  4:52  Banshee  
  46  5:04  Command Center  
  46  5:15  Supply Depot  
  46  5:36  Banshee x2  
  46  5:37  Supply Depot  
  52  5:47  Banshee  
  55  5:58  SCV  
  55  6:00  Supply Depot  
  55  6:03  Factory Tech Lab  
  56  6:06  Banshee  
  56  6:10  SCV  
  60  6:21  Marine  
  60  6:23  Siege Tank  
  64  6:57  Banshee x2  
  67  7:39  Banshee  
  67  7:40  Banshee  
  73  7:55  Orbital Command  
  73  7:58  Refinery  
  73  8:00  Terran Infantry Weapons Level 1  
  73  8:09  SCV  
  73  8:12  Banshee  
  77  8:18  Command Center  
  77  8:22  SCV  
  78  8:34  SCV  
  79  8:35  Missile Turret  
  79  8:42  SCV  
  79  8:45  Refinery  
  79  8:46  SCV  
  81  8:54  Supply Depot, SCV  
  82  8:57  Starport  
  82  8:58  SCV  
  83  9:06  SCV  
  84  9:10  SCV  
  84  9:15  Banshee  
  84  9:16  Supply Depot  
  88  9:18  SCV  
  89  9:30  SCV  
  90  9:33  Refinery, Orbital Command  
  90  9:35  Starport  
  90  9:36  Siege Tank  
  93  9:54  Terran Infantry Armor Level 1  
  93  9:59  Refinery  
  93  10:00  Supply Depot  
  93  10:19  Starport Tech Lab x2  
  93  10:24  Supply Depot  
  93  10:25  Missile Turret  
  93  10:26  SCV  
  94  10:37  Armory  
  94  10:38  SCV  
  95  10:46  Supply Depot  
  95  10:50  SCV  
  96  11:02  SCV  
  97  11:14  SCV  
  97  11:15  Banshee x3  
  97  11:16  Banshee x3  
  116  11:25  Missile Turret  
  116  11:26  Armory  
  116  11:38  Terran Vehicle Weapons Level 1  
  116  11:45  Missile Turret  
  116  11:46  Fusion Core  
  116  11:56  Siege Tank  
  116  11:59  Marine  
  120  12:07  Missile Turret  
  120  12:16  Missile Turret  
  120  12:17  Marine  
  120  12:18  Supply Depot  
  121  12:26  Missile Turret  
  121  12:33  Supply Depot  
  121  12:34  Terran Ship Weapons Level 1  
  121  12:35  Supply Depot, Marine  
  122  12:38  Hyperflight Rotors  
  122  12:40  Supply Depot  
  122  12:45  Supply Depot  
  122  12:46  Banshee x5  
  122  12:47  Banshee  
  140  12:52  Marine  
  140  12:56  Supply Depot  
  140  12:58  Supply Depot  
  141  13:04  Supply Depot, SCV  
  142  13:09  Supply Depot, Terran Infantry Weapons Level 2, Command Center  
  142  13:10  Marine  
  143  13:19  Supply Depot  
  143  13:20  Siege Tank  
  143  13:26  Supply Depot  
  122  13:50  Supply Depot  
  122  13:54  Liberator x2  
  122  13:55  Liberator x2  
  97  13:56  Liberator x2  
  61  14:12  Starport  
  61  14:13  Supply Depot  
  61  14:15  Starport  
  76  14:25  Marine  
  76  14:31  Missile Turret  
  77  14:32  Missile Turret  
  77  14:34  Missile Turret  
  77  14:38  Barracks  
  77  14:41  Liberator  
  77  14:43  Marine  
  78  14:48  Terran Vehicle Weapons Level 2  
  78  14:49  Terran Ship Weapons Level 2  
  78  14:50  Missile Turret  
  74  14:55  Missile Turret  
  72  15:01  Marine  
  73  15:08  Missile Turret  
  70  15:16  Missile Turret  
  70  15:19  Starport Reactor, Marine  
  71  15:25  Terran Infantry Armor Level 2  
  71  15:27  Barracks, Command Center  
  71  15:35  Orbital Command  
  71  15:37  Marine  
  71  15:40  Missile Turret  
  72  15:44  Missile Turret  
  72  15:49  SCV  
  73  16:00  SCV  
  73  16:01  SCV  
  73  16:02  Missile Turret  
  75  16:05  Barracks Reactor  
  75  16:07  Marine, Missile Turret  
  76  16:12  SCV  
  76  16:13  SCV  
  76  16:14  Starport Reactor  
  76  16:16  Battlecruiser  
  84  16:24  SCV  
  84  16:25  SCV, Marine  
  87  16:26  Refinery  
  87  16:36  SCV  
  87  16:37  SCV  
  89  16:41  SCV  
  89  16:42  Marine  
  91  16:48  SCV, Command Center  
  91  16:49  Refinery  
  91  16:50  Missile Turret  
  91  16:53  SCV  
  93  17:00  Marine  
  94  17:04  Terran Vehicle And Ship Armor Level 1  
  94  17:05  SCV, Barracks Tech Lab  
  94  17:08  Marine x2  
  97  17:10  Missile Turret  
  97  17:11  Liberator x2  
  97  17:16  Liberator  
  97  17:17  SCV  
  97  17:18  Marine  
  98  17:25  Marine  
  98  17:26  Marine  
  98  17:29  SCV, Battlecruiser  
  119  17:30  Battlecruiser  
  121  17:43  Marine x2  
  123  18:01  Marine x2  
  125  18:07  Stimpack  
  125  18:13  Hellbat  
  125  18:15  Infernal Pre-Igniter, Liberator  
  125  18:17  SCV  
  125  18:19  Marine x2  
  136  18:27  Battlecruiser  
  136  18:29  SCV  
  140  18:34  Hellbat  
  140  18:37  Marine x2  
  144  18:41  SCV  
  145  18:51  Terran Ship Weapons Level 3  
  145  18:53  SCV  
  145  18:54  Marine  
  145  18:55  Marine  
  148  18:56  Hellbat  
  150  19:05  SCV  
  151  19:10  Factory  
  151  19:12  Marine x2  
  153  19:17  Hellbat  
  155  19:30  Marine x2  
  150  19:38  Hellbat  
  147  19:48  Marine x2  
  151  20:00  Hellbat  
  151  20:01  Marauder  
  151  20:03  Marine  
  151  20:06  Marine x2  
  156  20:07  Combat Shields  
  156  20:09  Battlecruiser  
  156  20:10  Battlecruiser  
  156  20:13  SCV  
  169  20:19  Factory Reactor  
  171  20:21  Marine, Hellbat  
  171  20:23  Marauder, Marine  
  171  20:24  Marine  
  171  20:26  SCV  
  171  20:27  Battlecruiser  
  183  20:29  Terran Vehicle And Ship Armor Level 2  
  183  20:38  SCV  
  183  20:39  Marine  
  183  20:41  Marine x2  
  183  20:42  Command Center  
  189  20:43  Hellbat  
  189  20:44  Marauder  
  191  20:50  SCV  
  191  20:57  Marine  
  192  21:02  SCV  
  196  21:04  Hellbat  
  196  21:06  Marauder  
  198  21:14  Marine  
  199  21:26  Concussive Shells  
  199  21:27  Marauder  
  184  21:50  Missile Turret  
  184  21:52  Battlecruiser x2  
  195  22:11  Missile Turret  
  189  22:34  Missile Turret  
  195  22:49  Refinery  
  191  22:52  Refinery  
Tags
 
Add a new tag
Caveats
  • Supply blocks, unpowered buildings, or Contaminate may cause inaccurate times.
  • Supply counts are checked every 10 seconds.